 Dungeon Crawl Stone Soup version 0.25-b1-46-gb8a1ec05df (webtiles) character file.

Game seed: 7830921445629834574

69352 Aviak the Severer (level 14, -24/141 HPs)
             Began as a Deep Dwarf Fighter on June 11, 2020.
             Was the Champion of Makhleb.
             Annihilated by an ettin
             ... wielding a cursed -2 giant club
              (34 damage)
             ... on level 3 of the Abyss.
             The game lasted 00:17:51 (13844 turns).

Aviak the Severer (Deep Dwarf Fighter)             Turns: 13844, Time: 00:17:52

Health: -24/141    AC: 19    Str: 35    XL:     14   Next: 90%
Magic:  16/16      EV: 14    Int:  8    God:    Makhleb [******]
Gold:   797        SH: 14    Dex: 12    Spells: 13/13 levels left

rFire    . . .     SeeInvis +   M - +5 broad axe of Leokleti {vorpal, SInv}
rCold    . . .     Gourm    .   n - +0 kite shield
rNeg     + . .     Faith    .   T - +6 ring mail of the Furrier {Str+3}
rPois    .         Spirit   .   u - +0 helmet
rElec    .         Reflect  .   z - +0 cloak
rCorr    .         Harm     .   A - +0 pair of gloves
MR       ++...                  y - +0 pair of boots
Stlth    +.........             Q - amulet of magic regeneration
HPRegen  0.00/turn              W - +6 ring of strength
MPRegen  0.40/turn              E - +4 ring of evasion

@: berserk cooldown, non-regenerating, slowed, silenced, very slow
A: damage resistance, heal wounds, negative energy resistance 1, sense
surroundings 2, no regeneration
a: Heal Wounds, Renounce Religion


You were on level 3 of the Abyss.
You worshipped Makhleb.
Makhleb was exalted by your worship.
You were hungry.

You visited 3 branches of the dungeon, and saw 20 of its levels.
You visited the Abyss 1 time.

You collected 1181 gold pieces.
You spent 384 gold pieces at shops.

Inventory:

Hand Weapons
 M - the +5 broad axe of Leokleti (weapon) {vorpal, SInv}
   (You found it on level 8 of the Dungeon)

   It inflicts extra damage upon your enemies.
   It lets you see invisible.
 P - a +2 vampiric hand axe {!w}
Armour
 b - a +0 scale mail
 n - a +0 kite shield (worn)
 u - a +0 helmet (worn)
 w - a +0 plate armour
 y - a +0 pair of boots (worn)
 z - a +0 cloak (worn)
 A - a +0 pair of gloves (worn)
 T - the +6 ring mail of the Furrier (worn) {Str+3}
   (You found it on level 12 of the Dungeon)

   It affects your strength (+3).
Jewellery
 a - an uncursed amulet of regeneration
 i - the ring "Xyzxiash" {rN+ Stlth+, unknown}
   (You found it on level 13 of the Dungeon)

   [ring of stealth]

   It protects you from negative energy.
   It makes you more stealthy.
 C - an uncursed ring of protection from cold
 E - a +4 ring of evasion (right hand)
 F - an uncursed ring of protection from fire
 L - an uncursed amulet of guardian spirit
 Q - an amulet of magic regeneration (around neck)
 U - an uncursed ring of attention
 W - a +6 ring of strength (left hand)
Wands
 G - a wand of random effects (24)
 H - a wand of iceblast (11)
 K - a wand of paralysis (13)
 N - a wand of digging (7)
 O - a wand of polymorph (7)
Scrolls
 k - 6 scrolls of enchant armour
 o - a scroll of fear
 q - 3 scrolls of immolation
 r - 4 scrolls of remove curse
 s - a scroll of enchant weapon
 t - 10 scrolls of teleportation
 x - 6 scrolls of blinking
 B - 3 scrolls of amnesia
 J - 3 scrolls of fog {unknown}
 R - 3 scrolls of vulnerability {!r}
 V - 3 scrolls of silence {!r}
 X - a scroll of torment {unknown}
Potions
 c - 11 potions of curing
 d - a potion of might
 e - 3 potions of brilliance
 f - a potion of haste
 g - 3 potions of ambrosia
 j - 3 potions of mutation {!q}
 l - 3 potions of cancellation
 m - 7 potions of flight
 p - 4 potions of lignification {!q}
 D - 2 potions of resistance
 I - 8 potions of heal wounds
 S - a potion of magic {unknown}
Comestibles
 h - 38 rations


   Skills:
 * Level 13.1 Fighting
 * Level 15.0 Axes
 + Level 12.1 Armour
 + Level 12.1 Shields
 + Level 12.1 Invocations


You had 13 spell levels left.
You didn't know any spells.
Your spell library contained the following spells:

 Spells                   Type           Power        Failure   Level  Hunger
 Magic Dart               Conj           #...         61%         1    ##.....
 Searing Ray              Conj           #.....       75%         2    ###....
 Dazzling Flash           Conj/Hex       #.....       93%         3    ####...
 Fulminant Prism          Conj/Hex       #.........   100%        4    #####..
 Ice Form                 Ice/Tmut       #.......     100%        4    #####..
 Iskenderun's Mystic Bla  Conj/Tloc      #.......     100%        4    #####..
 Metabolic Englaciation   Hex/Ice        #.........   100%        5    ######.
 Freezing Cloud           Conj/Ice/Air   #.........   100%        6    #######
 Ozocubu's Refrigeration  Ice            #.........   100%        6    #######
 Simulacrum               Ice/Necr       #.........   100%        6    #######


Dungeon Overview and Level Annotations

Branches:
Dungeon (13/15)            Temple (1/1) D:5            Lair (6/6) D:11
  Swamp (0/4) Lair:2        Snake (0/4) Lair:3        Slime (0/5) Lair:5
    Orc: D:9-12      Vaults: D:13-14

Altars:
Ashenzari
Cheibriados
Elyvilon
Fedhas
Gozag
Hepliaklqana
Makhleb
Qazlal
Ru
Xom
The Shining One

Shops:
D:6 %   D:9 %(!

Annotations:
D:6 3 runed translucent doors, HiStorm4nn's ghost, novice FeCj


Innate Abilities, Weirdness & Mutations

You are resistant to damage.
You can heal yourself by infusing magical energy.
You resist negative energy. (rN+)
You passively map the area around you.
You do not regenerate.


Message History

You feel much better. The ettin hits you but does no damage.
The ettin closely misses you.
Your magical essence is drained by the effort!
You feel much better. The ettin hits you but does no damage.
The ettin hits you with a cursed -1 giant spiked club!
The ettin closely misses you. You block the ettin's attack.
You slash the ettin!
The ettin is almost dead.
The ettin hits you with a cursed -2 giant club!!!
* * * LOW HITPOINT WARNING * * *
The ettin closely misses you.
Unknown command.
Evoke which item? (* to show all) (? for menu, Esc to quit)
Aiming: Paralyse
Press: ? - help, Shift-Dir - straight line, f - ettin
Aim: an ettin, wielding a -2 giant club and a -1 giant spiked club (silenced, almost dead, chance to defeat MR: 28%)
Okay, then.
You block the ettin's attack.
The ettin hits you with a cursed -1 giant spiked club!!!
You die...

#.# ##. .# #.
. #. #...
....# .# #
..#...# # #.
#... . .# .#
W#.)## # ##.
.##.#. # . .
#W#### ##∩...
#.# ..
##.#W####.#...
## #)#C@#.##.
#.# #####.##.
.###. ###..#.
. #. ....# #
.. ###...#
.##. .. . ..
..


You could see an ettin and a shadow wraith (invisible).

Vanquished Creatures
  A draconian annihilator (Abyss:3)
  3 ettins (Abyss:3)
  Josephine (D:11)
  Harold (D:9)
  6 hydras
  A centaur warrior (D:13)
  3 two-headed ogres
  6 death yaks
  Nergalle (D:11)
  An ugly thing (D:13)
  A cyclops (D:13)
  3 centaur zombies
  8 elephants
  Joseph (D:7)
  5 black mambas
  25 spiny frogs
  A large abomination (Abyss:3)
  Psyche (D:9)
  9 komodo dragons
  5 kobold demonologists
  4 rime drakes
  2 polar bears (Lair:3)
  2 meliai (D:12)
  3 hornets
  19 blink frogs
  7 hippogriffs
  2 slime creatures (D:12)
  3 tyrant leeches (Lair:6)
  Sigmund (D:2)
  3 wyverns
  44 yaks
  Eustachio (D:6)
  7 humans (D:13)
  7 wraiths
  2 basilisks (Lair:6)
  A steam dragon (D:12)
  Grum (D:9)
  2 hungry ghosts
  14 vampire mosquitoes
  2 acid dragons
  9 water moccasins
  A soldier ant (D:12)
  7 porcupines
  Duvessa (D:6)
  5 orc warriors
  2 ice beasts
  4 sky beasts
  2 black bears
  2 phantoms
  4 ogres
  5 necrophages
  6 centaurs
  9 wolves
  16 crocodiles
  3 big kobolds (D:11)
  26 bullfrogs
  A wyvern skeleton (D:7)
  A water moccasin zombie (D:6)
  Dowan (D:6)
  6 scorpions
  6 wights (D:12)
  5 killer bees (D:12)
  3 electric eels
  A howler monkey (D:7)
  6 crimson imps
  10 hounds
  3 orc priests
  6 jellies
  3 bullfrog skeletons
  5 centaur skeletons
  15 orc wizards
  4 iguanas
  7 worker ants
  A hound skeleton (D:7)
  A mummy (D:12)
  A howler monkey zombie (D:8)
  15 gnolls
  12 adders
  5 oozes
  An adder zombie (D:5)
  4 adder skeletons
  3 worms
  3 dart slugs
  5 leopard geckos
  46 orcs
  8 giant cockroaches
  15 goblins
  6 hobgoblins
  10 jackals
  6 quokkas
  3 ball pythons
  9 bats
  10 frilled lizards
  18 kobolds
  A quokka skeleton (D:5)
  A quokka zombie (D:7)
  10 rats
  3 fungi
  8 plants (Lair:6)
600 creatures vanquished.

Vanquished Creatures (collateral kills)
  4 hydras
  An ugly thing (D:12)
  A gargoyle (D:12)
  A komodo dragon (Lair:1)
  2 slime creatures (D:13)
  A hippogriff (Lair:2)
  A basilisk (Lair:2)
  3 water moccasins
  A crocodile (Lair:1)
  2 bullfrogs
  An orc priest (D:12)
  A worker ant (D:12)
19 creatures vanquished.

Vanquished Creatures (others)
  A komodo dragon (Lair:5)
  24 fungi
  33 plants
58 creatures vanquished.

Grand Total: 677 creatures vanquished

Notes
Turn   | Place    | Note
-------+----------+-------------------------------------------
     0 | D:1      | Aviak the Deep Dwarf Fighter began the quest for the Orb.
     0 | D:1      | Reached XP level 1. HP: 20/20 MP: 1/1
    55 | D:1      | Reached XP level 2. HP: 25/27 MP: 2/2
   283 | D:1      | Reached XP level 3. HP: 26/34 MP: 3/3
   608 | D:1      | Found a glowing golden altar of the Shining One.
   792 | D:2      | Reached skill level 3 in Axes
   792 | D:2      | Reached XP level 4. HP: 35/42 MP: 4/4
  1053 | D:2      | Noticed Sigmund
  1064 | D:2      | Killed Sigmund
  1064 | D:2      | Reached XP level 5. HP: 35/50 MP: 5/5
  1064 | D:2      | Reached XP level 6. HP: 40/57 MP: 6/6
  1555 | D:3      | Reached skill level 4 in Axes
  2515 | D:4      | Reached skill level 5 in Armour
  2515 | D:4      | Reached skill level 5 in Shields
  2572 | D:4      | Reached XP level 7. HP: 41/64 MP: 6/6
  2582 | D:4      | Found a sacrificial altar of Ru.
  2582 | D:4      | Found a snail-covered altar of Cheibriados.
  3139 | D:5      | Entered Level 5 of the Dungeon
  3146 | D:5      | Found a staircase to the Ecumenical Temple.
  3154 | Temple   | Entered the Ecumenical Temple
  3191 | Temple   | Became a worshipper of Makhleb the Destroyer
  3371 | D:5      | Reached skill level 5 in Axes
  3545 | D:5      | Found a hazy altar of Hepliaklqana.
  3745 | D:6      | Reached skill level 5 in Fighting
  3745 | D:6      | Reached XP level 8. HP: 30/74 MP: 6/6
  3752 | D:6      | Reached * piety under Makhleb
  3844 | D:6      | Reached skill level 6 in Axes
  3931 | D:6      | Noticed Eustachio
  4010 | D:6      | Killed Eustachio
  4010 | D:6      | Reached skill level 1 in Invocations
  4125 | D:6      | Found Tiazxar's Food Emporium.
  4144 | D:6      | Found a runed translucent gate.
  4144 | D:6      | Found a runed translucent gate.
  4144 | D:6      | Found a runed translucent gate.
  4150 | D:6      | Noticed HiStorm4nn's ghost (novice FeCj)
  4194 | D:6      | Noticed Duvessa
  4194 | D:6      | Noticed Dowan
  4211 | D:6      | Killed Dowan
  4213 | D:6      | Killed Duvessa
  4450 | D:7      | Reached ** piety under Makhleb
  4503 | D:7      | Gained mutation: You passively map the area around you.
                  | [Deep Dwarf growth]
  4503 | D:7      | Reached XP level 9. HP: 82/82 MP: 7/7
  4541 | D:7      | Reached skill level 7 in Axes
  4593 | D:7      | Noticed Joseph
  4625 | D:7      | Killed Joseph
  4688 | D:7      | Found a white marble altar of Elyvilon.
  4928 | D:7      | Found an opulent altar of Gozag.
  5113 | D:8      | Reached skill level 8 in Axes
  5300 | D:8      | Reached *** piety under Makhleb
  5343 | D:8      | Found an opulent altar of Gozag.
  5659 | D:8      | Noticed a two-headed ogre
  5664 | D:8      | Identified the +5 broad axe of Leokleti {vorpal, SInv} (You
                  | found it on level 8 of the Dungeon)
  5677 | D:8      | Killed a two-headed ogre
  5677 | D:8      | Reached XP level 10. HP: 37/92 MP: 10/10
  5893 | D:9      | Found Peli's Food Emporium.
  5926 | D:9      | Noticed Psyche
  5934 | D:9      | Killed Psyche
  5934 | D:9      | Reached skill level 5 in Invocations
  5948 | D:9      | Reached skill level 9 in Axes
  5956 | D:9      | Found Haost's Antique Weapon Shoppe.
  5983 | D:9      | Found Neprap's Distillery.
  6021 | D:9      | Bought 3 potions of heal wounds for 240 gold pieces
  6021 | D:9      | Bought a potion of heal wounds for 80 gold pieces
  6021 | D:9      | Bought a potion of might for 64 gold pieces
  6241 | D:9      | Noticed Harold
  6243 | D:9      | Paralysed by Harold for 3 turns
  6257 | D:9      | Killed Harold
  6333 | D:9      | Reached **** piety under Makhleb
  6400 | D:9      | Noticed Grum
  6406 | D:9      | Killed Grum
  6492 | D:10     | Entered Level 10 of the Dungeon
  6504 | D:10     | Reached skill level 10 in Axes
  6506 | D:10     | Reached XP level 11. HP: 98/104 MP: 2/12
  6886 | D:10     | Noticed a two-headed ogre
  6896 | D:10     | Killed a two-headed ogre
  6903 | D:10     | Noticed a two-headed ogre
  6906 | D:10     | Killed a two-headed ogre
  7024 | D:11     | Noticed Nergalle
  7025 | D:11     | Found a staircase to the Lair.
  7047 | D:11     | Noticed Josephine
  7063 | D:11     | Killed Josephine
  7069 | D:11     | Reached skill level 11 in Axes
  7080 | D:11     | Noticed a spectral orc warlord
  7090 | D:11     | Killed Nergalle
  7120 | D:11     | Reached ***** piety under Makhleb
  7155 | D:11     | Found a shimmering altar of Xom.
  7157 | D:11     | Found a shimmering altar of Xom.
  7158 | D:11     | Found a shimmering altar of Xom.
  7163 | D:11     | Found a shimmering altar of Xom.
  7203 | D:11     | Found a shimmering altar of Xom.
  7203 | D:11     | Found a shimmering altar of Xom.
  7307 | D:11     | Noticed an unseen horror
  7307 | D:11     | a soldier ant changed into an unseen horror
  7313 | D:11     | an unseen horror changed into a rime drake
  7526 | D:11     | Noticed a soul eater
  7533 | D:11     | Reached XP level 12. HP: 84/116 MP: 15/15
  7649 | Lair:1   | Entered Level 1 of the Lair of Beasts
  7649 | Lair:1   | Noticed a seven-headed hydra
  7656 | Lair:1   | Reached skill level 10 in Fighting
  7660 | Lair:1   | Killed a ten-headed hydra
  8506 | Lair:2   | Noticed a seven-headed hydra
  8513 | Lair:2   | Killed a nine-headed hydra
  8513 | Lair:2   | Reached skill level 10 in Armour
  8596 | Lair:2   | Noticed a four-headed hydra
  8601 | Lair:2   | Killed a seven-headed hydra
  8601 | Lair:2   | Reached skill level 12 in Axes
  8601 | Lair:2   | Reached skill level 10 in Shields
  8624 | Lair:2   | Found a staircase to the Swamp.
  8879 | Lair:2   | Noticed a six-headed hydra
  8888 | Lair:2   | Killed an 11-headed hydra
  9500 | Lair:3   | Noticed an eight-headed hydra
  9515 | Lair:3   | Killed a 14-headed hydra
  9879 | Lair:3   | Found a staircase to the Snake Pit.
 10376 | Lair:4   | Reached XP level 13. HP: 119/127 MP: 17/17
 10788 | Lair:5   | Found a staircase to the Slime Pits.
 10882 | Lair:5   | Reached skill level 13 in Axes
 10890 | Lair:5   | Reached skill level 10 in Invocations
 11448 | Lair:6   | Entered Level 6 of the Lair of Beasts
 11460 | Lair:6   | Reached ****** piety under Makhleb
 11665 | Lair:6   | Reached skill level 14 in Axes
 11706 | Lair:6   | Gained mutation: You resist negative energy. (rN+) [Deep
                  | Dwarf growth]
 11706 | Lair:6   | Reached XP level 14. HP: 134/138 MP: 19/19
 13002 | D:12     | Got an encrusted ring mail
 13091 | D:12     | Identified the +6 ring mail of the Furrier {Str+3} (You
                  | found it on level 12 of the Dungeon)
 13259 | D:12     | HP: 5/139 [killer bee (2)]
 13758 | D:13     | Got a warped brass ring
 13771 | D:13     | Cast into level 3 of the Abyss (a wizard)
 13780 | Abyss:3  | Noticed a purple draconian annihilator
 13787 | Abyss:3  | Killed a purple draconian annihilator
 13787 | Abyss:3  | Reached skill level 15 in Axes
 13844 | Abyss:3  | Annihilated by an ettin

Illustrated notes

Levels and vault maps discovered:
D:1:      shiori_arrival_elements, layout_basic, serial_curves, eino_curves_03,
          eino_curves_04, tso_altar
D:2:      layout_basic, kennysheep_generic_room_5, uniq_sigmund
D:3:      layout_rooms, chequers_big_river, uniq_crazy_yiuf_cottage
D:4:      layout_gridville, gammafunk_temple_overflow_elements,
          hangedman_abyss_or_decor_stagger
D:5:      layout_rooms, marbit_many_paths, temple_doors_e, first_ration,
          chequers_serial_rivers_micro_d
D:6:      hangedman_cross_stitches, layout_rooms, gammafunk_ghost_necromancy,
          serial_shops, nicolae_shop_crystal, uniq_eustachio, uniq_duvessa
D:7:      layout_rooms, kennysheep_little_box, grunt_gozag_breadcrumbs,
          uniq_joseph
D:8:      layout_basic, basic_altar
D:9:      layout_cave_pools, serial_shops, shop, shop, shop_fountains,
          minmay_misc_feat_rugged, uniq_psyche, uniq_harold, uniq_grum
D:10:     layout_small_grid, orc_0_dummy, nicolae_trove_entry_columns,
          ebering_ghost_gozag, grunt_ogre_cave, minmay_crystal_water,
          minmay_misc_feat_room, uniq_sonja
D:11:     layout_basic, due_lair_maze_entry_diamond, minmay_crystal_room,
          xom_shifter_show, uniq_josephine, uniq_nergalle
D:12:     layout_roguey, serial_undead, serial_undead_a, serial_undead_c,
          serial_undead_f, serial_undead_c, eino_jars
D:13:     layout_basic, grunt_vaults_entry_tiered
Temple:   dpeg_five_rooms_temple
Lair:1:   layout_small_grid, st_stairs_11
Lair:2:   layout_cave_pods, swamp_mist
Lair:3:   layout_chaotic_city, guppyfry_snake_entry_island
Lair:4:   layout_loops_ring
Lair:5:   layout_gridlike, nicolae_slime_entry_slimehenge
Lair:6:   minmay_lair_end_frog_pond, layout_loops_ring, serial_bayou_shore_b
Abyss:3:  base: D:4, hangedman_decor_lopped, evilmike_abyss_rune_ettins,
          evilmike_abyss_exit_smiterflies

Skill      XL: |  1  2  3  4  5  6  7  8  9 10 11 12 13 14 |
---------------+-------------------------------------------+-----
Fighting       | 3 4 5 6 7 8 9 11 12 13 | 13.1
Axes           | 3 4 5 6 8 10 11 12 14 15 | 15.0
Armour         | 4 5 6 7 8 9 10 11 12 | 12.1
Shields        | 4 5 6 7 8 9 10 11 12 | 12.1
Invocations    | 2 4 6 8 9 11 12 | 12.1

Action                   |  1- 3 |  4- 6 |  7- 9 | 10-12 | 13-15 || total
-------------------------+-------+-------+-------+-------+-------++-------
Melee: War axe           |   101 |   182 |   326 |       |       ||   609
       Hand axe          |       |       |   274 |       |       ||   274
       Broad axe         |       |       |       |   481 |   647 ||  1128
Invok: Lesser Servant of |       |       |       |     5 |     4 ||     9
       Major Destruction |       |       |       |       |     2 ||     2
       Greater Servant o |       |       |       |       |     2 ||     2
 Abil: Heal Wounds       |     1 |     4 |     7 |     9 |    15 ||    36
Evoke: Wand              |       |       |       |       |     4 ||     4
  Use: Scroll            |       |       |    13 |     1 |    13 ||    27
       Potion            |       |       |       |     1 |     1 ||     2
 Stab: Distracted        |       |       |       |     2 |       ||     2
       Paralysed         |       |       |       |       |     3 ||     3
  Eat: Chunk             |       |     4 |    12 |    17 |    12 ||    45
       Ration            |       |       |     1 |       |       ||     1
Armor: Scale mail        |    52 |   108 |    16 |       |       ||   176
       Plate armour      |       |       |   428 |   471 |   346 ||  1245
       Ring mail         |       |       |       |       |    37 ||    37
Dodge: Dodged            |    24 |    58 |   143 |   196 |   342 ||   763
Block: Kite shield       |    56 |   128 |   365 |   463 |   533 ||  1545
